Cogmind - Beta 16 @@@ ROGUE MODE // 2025.11.13 @ 20:14:36 Player: Rune Result: Destroyed by 8R-HEG(R) with Subdweller Machine Gun Performance ------------- Evolutions (0) 0 Regions Visited (3) 600 Robots Destroyed (8) 40 Value Destroyed (266) 266 Prototype IDs (0) 0 Alien Tech Used (0) 0 Bonus (0) 0 TOTAL SCORE: 906 Bonus ------- None Cogmind --------- Core Integrity 0/250 Matter 300/300 Energy 250/250 System Corruption 0% Temperature Cool (0) Movement Core (250) Ox4 Location -10/Subcaves Parts ------- > --- POWER (1) -------- Ion Engine > --- PROPULSION (2) --- (None) > --- UTILITY (2) ------ Small Storage Unit > --- WEAPON (2) ------- EM Pulse Gun Small Laser > --- INVENTORY (8) ---- Subdweller Power Source Disposable Heat Sink Subdweller Optics Medium Laser Scrap Shield Fragment (48) Scrap Shield Fragment (47) Peak State ------------ > --- POWER ------------ Ion Engine > --- PROPULSION ------- Aluminum Leg > --- UTILITY ---------- Small Storage Unit Light Armor Plating > --- WEAPON ----------- Small Laser Subdweller Machine Gun > --- INVENTORY -------- Subdweller Power Source Disposable Heat Sink Subdweller Optics EM Pulse Gun Medium Laser Scrap Shield Fragment [Rating: 8] Favorites ----------- Power Ion Engine Engine Ion Engine Propulsion Aluminum Leg Leg Aluminum Leg Utility Small Storage Unit Storage Small Storage Unit Protection Light Armor Plating Weapon Small Laser Energy Gun Small Laser Ballistic Gun Assault Rifle Build | -11 -10 -10 -10 ------- Run | Yrd Mat Min Sub Slots Evolved . | . . . . Power . | . . . . Propulsion . | . . . . Utility . | . . . . Weapon . | . . . . Parts Attached 12 | 6 2 2 2 Power 2 | 1 . . 1 Engine 2 | 1 . . 1 Core . | . . . . Reactor . | . . . . Propulsion 3 | 2 . 1 . Treads . | . . . . Leg 3 | 2 . 1 . Wheel . | . . . . Hover . | . . . . Flight . | . . . . Utility 2 | 1 1 . . Device . | . . . . Storage 1 | 1 . . . Processor . | . . . . Hackware . | . . . . Protection 1 | . 1 . . Artifact . | . . . . Weapon 5 | 2 1 1 1 Energy Gun 3 | 1 1 1 . Energy Cannon . | . . . . Ballistic Gun 2 | 1 . . 1 Ballistic Cannon . | . . . . Launcher . | . . . . Special Weapon . | . . . . Impact Weapon . | . . . . Slashing Weapon . | . . . . Piercing Weapon . | . . . . Special Melee Weapon . | . . . . Unidentified Prototypes . | . . . . Parts Lost 6 | . 1 . 5 Power 1 | . 1 . . Propulsion 2 | . . . 2 Utility 1 | . . . 1 Weapon 2 | . . . 2 Highest Loss Streak 2 | . 1 . 2 To Critical Strikes . | . . . . Average Backups 2 | 1 2 3 3 Power . | . 1 1 . Propulsion . | . . . . Utility . | . . . . Weapon 1 | . 1 2 1 Tool/Special . | . . . . Unused Backups 3 | . . . 3 Power 1 | . . . 1 Propulsion . | . . . . Utility 2 | . . . 2 Weapon . | . . . . Tool/Special . | . . . . Average Slot Usage (%) 88 | . 90 84 88 Engine 10 | . 12 . 12 Leg 24 | . 28 27 23 Storage 14 | . 14 14 14 Protection 10 | . 6 14 10 Energy Gun 17 | . 14 14 19 Ballistic Gun 9 | . 14 14 8 Peak Build Rating 8 | 6 7 6 8 Average Rating 6 | 4 6 5 6 On Entrance 4 | . 6 6 6 Avg Prop Armor Cover (%) . | . . . . Naked Turns . | . . . . Heaviest Build 18 | 11 15 12 18 Greatest Support 20 | 20 20 20 20 Greatest Overweight (x) 4 | 3 . . 4 Average Overweight (x) . | . . . . Largest Inventory Capacity 8 | 8 8 8 8 Average Capacity 7 | 7 8 8 8 Most Carried 6 | 2 4 5 6 Average Carried 3 | 1 2 3 3 Final Capacity 8 | 8 8 8 8 Final Carried 6 | 2 4 3 6 Class Distribution -------------------- 100% | Mutant Dominant Class ---------------- Mutant | -10/Materials Mutant | -10/Mines Mutant | -10/Subcaves Resources | -11 -10 -10 -10 ----------- Run | Yrd Mat Min Sub Matter Collected 378 | 224 76 . 78 Remotely . | . . . . Salvage Created 240 | 13 82 . 145 Parts 7 | 1 4 . 2 Haulers Intercepted . | . . . . Recyclers Shooed . | . . . . Parts Field Recycled . | . . . . Retrieved Matter . | . . . . Parts Self-Destructed 16 | . . . 16 Prevented . | . . . . Parts Restored . | . . . . Kills | -11 -10 -10 -10 ------- Run | Yrd Mat Min Sub Combat Hostiles Destroyed 5 | . 2 . 3 Guns 5 | . 2 . 3 Classes Destroyed 4 | 1 1 . 2 Tunneler 1 | 1 . . . Turret 2 | . . . 2 Grunt 4 | . 2 . 2 Subdweller 1 | . . . 1 Best Kill Streak 2 | 1 2 . 2 Combat Bots Only 2 | . 2 . 2 Max Kills in Single Turn 1 | 1 1 . 1 Gunslinging . | . . . . Exploded . | . . . . Melee . | . . . . Uniques/NPCs Destroyed . | . . . . Combat | -11 -10 -10 -10 -------- Run | Yrd Mat Min Sub Hostile Shots Fired 125 | . 20 . 105 Missed 41 | . 4 . 37 Hits 84 | . 16 . 68 Projectile 84 | . 16 . 68 Critical Strikes 2 | . 1 . 1 Damage Taken 937 | . 201 . 736 Core 260 | . 14 . 246 Absorbed by Shields . | . . . . Core Remaining (%) 100 | 100 . . . Volleys Fired 33 | 2 6 . 25 Largest 2 | 2 2 . 2 Hottest 80 | 60 60 . 80 Shots Fired 56 | 4 12 . 40 Gun 56 | 4 12 . 40 Cannon . | . . . . Launcher . | . . . . Special . | . . . . Kinetic 22 | 2 6 . 14 Thermal 26 | 2 . . 24 Explosive . | . . . . Electromagnetic 8 | . 6 . 2 Robot Hit Streak 9 | 2 3 . 9 Robot Miss Streak 4 | 1 1 . 4 Penetration Max . | . . . . Secondary Targets 1 | . 1 . . Max Gunslinging Chain 1 | . 1 . . Shots Hit Robots 35 | 2 9 . 24 Core Hits 18 | 1 5 . 12 Critical Kills . | . . . . Critical Parts Destroyed 1 | . . . 1 Critical Strikes 1 | . . . 1 Destroy 1 | . . . 1 Melee Attacks . | . . . . Impact . | . . . . Slashing . | . . . . Piercing . | . . . . Sneak Attacks . | . . . . Combat Hostiles . | . . . . Follow-up Attacks . | . . . . Damage Inflicted 491 | 27 123 14 327 Guns 473 | 23 123 . 327 Cannons . | . . . . Explosions . | . . . . Melee . | . . . . Ramming 18 | 4 . 14 . Kinetic 216 | 11 74 . 131 Thermal 196 | 12 . . 184 Explosive . | . . . . Electromagnetic 61 | . 49 . 12 Impact . | . . . . Slashing . | . . . . Piercing . | . . . . Highest Corruption . | . . . . Average Corruption . | . . . . Corruption Purged . | . . . . Corruption Blocked . | . . . . Overload Shots . | . . . . Overflow Damage . | . . . . Projectiles . | . . . . Explosions . | . . . . Melee . | . . . . Knockbacks . | . . . . Impact . | . . . . Kinetic . | . . . . Secondary . | . . . . Self-Inflicted Damage . | . . . . Shots . | . . . . Rammed . | . . . . Targets Rammed 3 | 1 . 2 . Kicked 3 | 1 . 2 . Crushed . | . . . . Highest Temperature 87 | . 87 . 4 Average Temperature 35 | . 40 . 3 Received Heat Transfer 477 | . 132 . 345 Siege Activations . | . . . . Martial Activations . | . . . . Shielding Activations . | . . . . Robots Disrupted . | . . . . Combat Hostiles . | . . . . Robots Corrupted . | . . . . Combat Hostiles . | . . . . Parts Fried . | . . . . Impact Corruptions . | . . . . Robots Melted . | . . . . Combat Hostiles . | . . . . Parts Melted . | . . . . Heat Transferred 473 | 25 . . 448 Parts Sabotaged . | . . . . Parts Stolen . | . . . . Parts Stripped . | . . . . Power Chain Reactions . | . . . . Alert | -11 -10 -10 -10 ------- Run | Yrd Mat Min Sub Maximum Alert Level . | . . . . Low Security (%) 100 | 100 100 100 . Level 1 . | . . . . Level 2 . | . . . . Level 3 . | . . . . Level 4 . | . . . . Level 5 . | . . . . High Security . | . . . . Max Security . | . . . . Peak Influence 50 | 5 50 7 . Initial 7 | . . 7 . Average 4 | . 11 . . Influence Increases 205 | 5 65 . 135 Destroy 0b10 Robot/C 120 | . 40 . 80 Destroy 0b10 Robot/NC 5 | 5 . . . Destroy Leader 20 | . 10 . 10 Disable Machine 15 | . 15 . . Lose Combat Pursuer 45 | . . . 45 Influence Decreases 205 | 5 45 20 135 Entered New Map 13 | . . 13 . Time Decay 172 | 5 35 7 125 Lost Part 20 | . 10 . 10 Squads Dispatched 1 | . 1 . . Investigation . | . . . . Extermination . | . . . . Reinforcement 1 | . 1 . . Assault . | . . . . Garrison . | . . . . Intercept . | . . . . Searches Triggered . | . . . . Construction Impeded . | . . . . Haulers Reinforced . | . . . . Active Scanning Responses . | . . . . Cargo Convoy Interrupts . | . . . . Stealth | -11 -10 -10 -10 --------- Run | Yrd Mat Min Sub Distress Signals 1 | . 1 . . Communications Jammed . | . . . . Distress Signals . | . . . . Times Spotted 18 | . 8 . 10 Peak Tracking Total 5 | . 5 . 3 Tactical Retreats 1 | . . . 1 Traps | -11 -10 -10 -10 ------- Run | Yrd Mat Min Sub Traps Triggered 2 | . . . 2 Indirectly . | . . . . Trap Hack Attempts . | . . . . Triggered . | . . . . Disarmed . | . . . . Reprogrammed . | . . . . Reused . | . . . . Traps Extracted . | . . . . Installed . | . . . . Triggered . | . . . . Machines | -11 -10 -10 -10 ---------- Run | Yrd Mat Min Sub Machines Disabled 2 | . 1 . 1 Max in Single Turn 1 | . 1 . 1 Machines Repaired . | . . . . Machines Dismantled . | . . . . Machines Sabotaged . | . . . . Overloaded Fab Kills . | . . . . Hacking | -11 -10 -10 -10 --------- Run | Yrd Mat Min Sub Machines Accessed . | . . . . Terminals . | . . . . Fabricators . | . . . . Repair Stations . | . . . . Recycling Units . | . . . . Scanalyzers . | . . . . Garrison Access . | . . . . Total Hacks . | . . . . Successful . | . . . . Failed . | . . . . Catastrophic . | . . . . Database Lockouts . | . . . . Manual . | . . . . Terminals . | . . . . Fabricators . | . . . . Repair Stations . | . . . . Recycling Units . | . . . . Scanalyzers . | . . . . Garrison Access . | . . . . Terminal Hacks . | . . . . Fabricator Hacks . | . . . . Repair Station Hacks . | . . . . Recycling Unit Hacks . | . . . . Scanalyzer . | . . . . Garrison Access Hacks . | . . . . Unauthorized Hacks . | . . . . Terminals . | . . . . Fabricators . | . . . . Repair Stations . | . . . . Recycling Units . | . . . . Scanalyzers . | . . . . Garrison Access . | . . . . Data Cores Recovered . | . . . . Used . | . . . . Hacking Detections . | . . . . Full Trace Events . | . . . . Feedback Events . | . . . . Feedback Blocked . | . . . . Robot Schematics Acquired . | . . . . Robots Built . | . . . . Authchips . | . . . . Time . | . . . . Total Robot Build Rating . | . . . . Part Schematics Acquired . | . . . . Parts Built . | . . . . Authchips . | . . . . Time . | . . . . Total Part Build Rating . | . . . . Part Studies Acquired . | . . . . Parts Repaired . | . . . . Time . | . . . . Parts Recycled . | . . . . Recycled Matter . | . . . . Retrieved Matter . | . . . . Retrieved Components . | . . . . Parts Scanalyzed . | . . . . Part Schematics Acquired . | . . . . Parts Damaged . | . . . . Bothacking | -11 -10 -10 -10 ------------ Run | Yrd Mat Min Sub Used RIF Installer . | . . . . Robots Hacked . | . . . . Non-combat . | . . . . Combat . | . . . . Robot Hacks Applied . | . . . . Relay Couplers Released . | . . . . Fabnet Peak Effective % . | . . . . Robots Rewired . | . . . . Allies Hacked . | . . . . Hacks Repelled . | . . . . Allies | -11 -10 -10 -10 -------- Run | Yrd Mat Min Sub Total Allies . | . . . . Largest Group . | . . . . Highest-Rated Group . | . . . . Highest-Rated Ally . | . . . . Total Orders . | . . . . Ally Attacks . | . . . . Total Damage . | . . . . Kills . | . . . . Allies Corrupted . | . . . . Allies Melted . | . . . . Intel | -11 -10 -10 -10 ------- Run | Yrd Mat Min Sub Active Infowar (turns) . | . . . . Robot Analysis Total . | . . . . Derelict Logs Recovered . | . . . . Drone Launches . | . . . . Drone Recoveries . | . . . . Exploration | -11 -10 -10 -10 ------------- Run | Yrd Mat Min Sub Turns Passed 1259 | 98 124 141 896 Spaces Moved 875 | 63 84 113 615 Core 14 | 11 . . 3 Treads . | . . . . Legs 861 | 52 84 113 612 Wheels . | . . . . Hover . | . . . . Flight . | . . . . Fastest Speed 50 | 50 120 120 120 Average Speed 129 | 122 120 120 133 Slowest Speed 250 | 200 120 120 250 Overloaded Moves . | . . . . Propulsion Burnouts . | . . . . Robots Hopped . | . . . . Potential Cave-ins . | . . . . Cave-ins Triggered . | . . . . Exploration Rate (%) 17 | 5 20 15 30 Regions Visited 3 Branch Regions 2 Pre-discovered Areas . | . . . . Known Exits Taken . | . . . . Unknown Exits Taken 3 | 1 1 1 . Scrap Searched . | . . . . Spaces Dug . | . . . . Terrain Destroyed . | . . . . Melee . | . . . . Projectile . | . . . . AOE . | . . . . Terrain Rammed . | . . . . Walls Destroyed . | . . . . Machines Disabled . | . . . . Actions | -11 -10 -10 -10 --------- Run | Yrd Mat Min Sub Total 945 | 79 95 119 652 Wait 1 | . . . 1 Move 872 | 62 83 112 615 Hop . | . . . . Pick Up 17 | 8 3 . 6 Fast Attach . | . . . . Attach 14 | 6 2 2 4 Detach 4 | . 1 2 1 Swap . | . . . . Drop 1 | . . 1 . Fire 33 | 2 6 . 25 Melee . | . . . . Ram . | . . . . Kick 3 | 1 . 2 . Crush . | . . . . Escape Stasis . | . . . . Rewire . | . . . . Trap . | . . . . Miscellaneous . | . . . . Route ------- -11/Scrapyard -10/Materials (discovered 2 exits: [*Min x2]) -10/Mines -10/Subcaves (discovered 1 exit: [*Rec]) History --------- Turn | Location | Event 21 | -11/Scrapyard | Discovered new exit (range 15) 99 | -11/Scrapyard | Entered Materials 210 | -10/Materials | Discovered new exit (range 5) 212 | -10/Materials | Discovered new exit (range 13) 223 | -10/Materials | Entered Mines 289 | -10/Mines | Met a Derelict bent on vengeance 300 | -10/Mines | Build established: Mutant 319 | -10/Mines | Found a hidden stash of uninstalled traps 342 | -10/Mines | Discovered new exit (range 10) 364 | -10/Mines | Entered Subcaves 365 | -10/Subcaves | Approached by a straggling Scientist 468 | -10/Subcaves | A swath of the cavern ceiling suddenly collapsed 997 | -10/Subcaves | Discovered new exit (range 16) 1201 | -10/Subcaves | A swath of the cavern ceiling suddenly collapsed 1230 | -10/Subcaves | Core integrity fell below 50% 1248 | -10/Subcaves | Core integrity fell below 20% 1260 | -10/Subcaves | Destroyed by 8R-HEG(R) with Subdweller Machine Gun Last Messages --------------- Acquired 5 matter. Subatomizers dissect the Sub. Monowheel. H7-F5A(c): "I think it's somewhere north of here" Subatomizers dissect the Sub. Monowheel. H7-F5A(c): "I think it's somewhere north of here" Subatomizers dissect the Sub. Power Source. H7-F5A(c): "I think it's somewhere north of here" 8R-HEG(R) emerges from the Twisted Machinery. A swath of the cavern ceiling suddenly collapses. Sub. Machine Gun destroyed. H7-F5A(c): "I think it's somewhere northeast of here" Aluminum Leg destroyed. 34-EZL(R) destroyed. Acquired Scrap Shield Fragment. Acquired 10 matter. Map ----- +----------------------------------------------------+ | ?????????????????????????????????????????????????? | | ?????????????????????????????????????????????????? | | ?????????????????????????????????????????????????? | | ?????????????????????????????????????????????????? | | ?????????????????????????????????????????????????? | | ?????????????????????????????????????????????????? | | ?????????????????????????????????????????????????? | | ?????????????????????????????????????????????????? | | ?????????????????????????????????????????????????? | | ?????????????????????????????????????????????????? | | ?????????????????????????????????????????????????? | | ?????????????????????????????????????????????????? | | ?????????????????????????????????????????????????? | | ????????????????????##""? ??????????????????????? | | ????????????????????# "" #??????????????????????? | | ???????????????????? "" ??????????????????????? | | ????????????????????? " " ?????????????????????? | | ??????????????###???? #"" ????????????????????? | | ###???????????? #??## #""#????????????????????? | | ""#?????????? # #?? # "#????????????????????? | | " #??????##?? # #?# #????????????????????? | | ##?????## ? #; ## #????????????????????? | | ###??????" ?# #; #?????????????????????? | | #"###""?? ##""### c""""""##????????????????????? | | """" ####""# ####?????????????????? | | # """ #??? #""###"# @ #?????????????????? | | "# #??? ###"#"### #?????????????????? | | " #???? ##"#""### ##?????????????????? | | "## #????##"##""## #??????????????????? | | " #### #????#"#"#"## ##??????????????????? | | " ## ##???#"""### #???????????????????? | | # #???##"#"##R #???????????????????? | | #???????#" "; ##???????????????????? | | ????##";## ## #????????????????????? | | ## # #??##;#### ?## ##???????????????????? | | #### # ??# #? ???# #???????????????????? | | ???#####? #?## #### ???# ???????????????????? | | ??????????##### #?# ??? ##??????????????????? | | ???????# # #####??? ##???????????????????? | | ????????# #???? %#????????????????????? | | ????????## ##### #????# ##???????????????????? | | ?????????#?????#### #???## #???????????????????? | | ?????????????????## ##?##%% ##??????????????????? | | ?????????######### ###% #??????????????????? | | ?????????#""" %"### % ##& #????????????????????? | | ?????????#" %#?# & %%%= #????????????????????? | | ?????????#" % ###&%%&* # #????????????????????? | | ????????##"" & % # %#????????????????????? | | ????????#< % ##???????????????????? | | ????????## % ! #???????????????????? | +----------------------------------------------------+ Best States ------------- Heat Dissipation 25 Energy Generation 10 Energy Capacity 250 Matter Stores 300 Matter Capacity 300 Sight Range 16 Terrain Scan Density 10 Armor Coverage 150 Evasion (%) 55 Item Schematics ----------------- None Robot Schematics ------------------ None Fabricated ------------ Nothing Repaired ---------- Nothing Studied --------- None Alien Tech Used ----------------- None Achievements -------------- None Challenges ------------ None Game ------ Seed MasterVampiricLoader Manual? 0 Play Time 00:17:10 Cumulative 11.9 hours Start 2025.11.13 @ 19:56:31 End 2025.11.13 @ 20:14:36 Sessions 1 Manual Loads 0 Difficulty Rogue Special Mode None Game No. 41 Rogue 41 Adventurer 0 Explorer 0 Win Type - Total 0 Types 0/0/0/0/0/0/0/0/0/0 Lore% 4 Gallery% 11 Achievement% 8 Wizard Run 0 Options --------- Layout 1 ASCII 0 Keyboard 1 Movement Numpad Keybinds 0 Fullscreen 1 Font 32/SmallcapsGlow Map View 50x35 Zoom Use 0% Tactical HUD 0 Map Filters NONE Filters NONE Steam 1 RUN: 9f78dab1-d445-4602-8d68-e6cf79e9fd46